 Dungeon Crawl Stone Soup version 0.23-a0-78-gc252fe1 (webtiles) character file.

39 Amnesiac the Gusty (level 3, -7/24 HPs)
             Began as a Mummy Air Elementalist on Aug 11, 2018.
             Mangled by an orc
             ... wielding a +0 short sword
              (10 damage)
             ... on level 3 of the Dungeon.
             The game lasted 00:01:54 (719 turns).

Amnesiac the Gusty (Mummy Air Elementalist)          Turns: 719, Time: 00:01:55

Health: -7/24      AC:  2    Str: 11    XL:     3   Next: 26%
Magic:  7/7        EV: 12    Int: 15    God:
Gold:   29         SH:  0    Dex: 12    Spells: 5/8 levels left

rFire    x . .     SeeInvis .   d - +2 spear (flame)
rCold    + . .     Gourm    .   (no shield)
rNeg     + + +     Faith    .   a - +0 robe
rPois    ∞         Spirit   .   (no helmet)
rElec    .         Reflect  .   (no cloak)
rCorr    .         Harm     .   (no gloves)
MR       .....                  (no boots)
Stlth    ++........             (no amulet)
HPRegen  0.08/turn              (no ring)
MPRegen  0.10/turn              (no ring)

@: no status effects
A: no food or potions, fire vulnerability, cold resistance 1, negative energy
resistance 3, torment resistance, unbreathing
a: no special abilities


You were on level 3 of the Dungeon.
You were not hungry.

You visited 1 branch of the dungeon, and saw 3 of its levels.

You collected 29 gold pieces.

Inventory:

Hand Weapons
 d - a +2 spear of flaming (weapon)
 e - a +3 dagger of venom
Armour
 a - a +0 robe (worn)
Jewellery
 c - an uncursed ring of protection from magic {unknown}
Scrolls
 b - 3 scrolls of remove curse {!r, unknown}


   Skills:
 - Level 1.5 Dodging
 - Level 1.5 Stealth
 + Level 3.3 Spellcasting
 - Level 0.7 Conjurations
 * Level 3.3 Air Magic


You had 5 spell levels left.
You knew the following spells:

 Your Spells              Type           Power        Failure   Level  Hunger
a - Shock                 Conj/Air       #...         9%          1    N/A
z - Swiftness             Chrm/Air       #.......     14%         2    N/A

Your spell library contained the following spells:

 Spells                   Type           Power        Failure   Level  Hunger
 Lightning Bolt           Conj/Air       #.........   93%         5    N/A
 Airstrike                Air            ##........   43%         4    N/A
 Static Discharge         Conj/Air       #.......     26%         3    N/A

Dungeon Overview and Level Annotations

Branches:
Dungeon (3/15)

Altars:


Innate Abilities, Weirdness & Mutations

You do not eat or drink.
Your flesh is vulnerable to fire.
You are immune to poison.
Your flesh is cold resistant. (rC+)
You are immune to negative energy. (rN+++)
You are immune to unholy pain and torment.
You can survive without breathing.


Message History

There is a stone staircase leading up here.
You hit the adder. You burn the adder.
The adder is moderately wounded.
The adder bites you.
You hit the adder. You burn the adder.
The adder is heavily wounded.
The adder barely misses you.
You hit the adder. You burn the adder.
The adder is almost dead.
The adder barely misses you. The adder closely misses you.
You completely miss the adder.
The adder is almost dead.
The adder bites you.
You closely miss the adder.
The adder is almost dead.
The adder bites you. The adder misses you.
You hit the adder. You burn the adder.
You kill the adder!
You have reached level 3!
Your experience leads to an increase in your attributes!
Increase (S)trength, (I)ntelligence, or (D)exterity?
You feel clever.
You start resting.
HP restored.
A dart slug comes into view.
Found an escape hatch in the ceiling.
A dart slug is nearby!
A dart slug is nearby!
An orc comes into view. It is wielding a short sword.
Found 7 gold pieces.
Attack whom?
Press: ? - help, Dir - move target cursor, f - dart slug
Aim: a dart slug You reach to attack!
The orc shouts!
You hit the dart slug. You burn the dart slug.
The dart slug is heavily wounded.
You hear a shout!
You hit the dart slug. You burn the dart slug.
You kill the dart slug!
A quokka comes into view.
An orc priest comes into view. It is wielding a hand axe.
You closely miss the orc.
The orc priest shouts!
An orc comes into view. It is wielding a flail.
The orc priest looks satisfied for a moment.
The orc hits you with a short sword.
You hit the orc. You burn the orc.
The orc is heavily wounded.
The orc hits you with a short sword.
* * * LOW HITPOINT WARNING * * *
The orc drinks a potion.
The orc goes berserk!
You hear a shout!
The orc priest calls upon Beogh to heal the orc.
The orc's wounds heal themselves!
You hear a shout!
The orc hits you with a short sword!
* * * LOW HITPOINT WARNING * * *
The quokka bites you.
* * * LOW HITPOINT WARNING * * *
There is a stone staircase leading up here.
The orc barely misses you. The quokka closely misses you.
The orc hits you with a short sword!
You die...

..........
..........
#........#..#.###
##........#..#....
#........o........
#..........$......
#................#
#..@r...o...<..$..
#.†.o..$..........
##................
##...............
##............#.
##..........##
#######....# #.#.#
.#.#


You could see an orc priest, 2 orcs and a quokka.

Vanquished Creatures
  A gnoll (D:1)
  An adder (D:3)
  A dart slug (D:3)
  4 giant cockroaches
  A goblin (D:2)
  A hobgoblin (D:1)
  5 bats
  A frilled lizard (D:2)
  2 kobolds
  4 rats
21 creatures vanquished.

Notes
Turn   | Place    | Note
-------+----------+-------------------------------------------
     0 | D:1      | Amnesiac the Mummy Air Elementalist began the quest for the Orb.
     0 | D:1      | Reached XP level 1. HP: 13/13 MP: 4/4
   213 | D:1      | Reached XP level 2. HP: 14/19 MP: 5/5
   225 | D:1      | Learned a level 2 spell: Swiftness
   609 | D:3      | Reached XP level 3. HP: 12/24 MP: 7/7
   719 | D:3      | Mangled by an orc

Vault maps used:
D:1:      minmay_arrival_widening_spiral_wide, st_stairs_7
D:2:      first_ration
D:3:      fedhas_altar_4

Skill      XL: |  1  2 |
---------------+-------+-----
Spellcasting   | 3 |  3.3
Air Magic      | 3 |  3.3
Dodging        | |  1.5
Stealth        | |  1.5
Conjurations   | |  0.7

Action                   || total
-------------------------++-------
Melee: Spear             ||    56
 Cast: Shock             ||     3
 Stab: Sleeping          ||     3
Armor: Robe              ||     7
Dodge: Dodged            ||    45

Table legend:
 A = Non-vault XP
 B = Vault XP
 C = Vault XP percentage of total XP
 D = Non-vault monster count
 E = Vault monster count
 F = Vault count percentage of total count
 G = Total turns spent on level
                 A         B        C        D         E       F
            +---------+---------+-------+---------+---------+-------
      Total |      53 |       3 |   5.4 |      19 |       2 |   9.5
            +---------+---------+-------+---------+---------+-------
        D:1 |      28 |       0 |   0.0 |      11 |       0 |   0.0
        D:2 |       8 |       3 |  27.3 |       6 |       2 |  25.0
        D:3 |      17 |       0 |   0.0 |       2 |       0 |   0.0
            +---------+---------+-------+---------+---------+-------
